 Dungeon Crawl Stone Soup version 0.29.1-12-g30fa7ad0bf (webtiles) character file.

Game seed: 10670470273655570398

123 javelincjr the Trooper (level 4, 0/37 HPs)
             Began as a Demonspawn Abyssal Knight on Dec 13, 2022.
             Was a Believer of Lugonu.
             Slain by an orc
             ... wielding a +0 flail
              (8 damage)
             ... on level 3 of the Dungeon.
             The game lasted 00:10:44 (2210 turns).

javelincjr the Trooper (Demonspawn Abyssal Knight)  Turns: 2210, Time: 00:10:44

Health: 0/37       AC:  6    Str: 13    XL:     4   Next: 79%
Magic:  6/6        EV:  9    Int: 11    God:    Lugonu [**....]
Gold:   117        SH:  8    Dex: 16    Spells: 3/3 levels left

rFire   . . .      SeeInvis .   a - +1 hand axe
rCold   . . .      Faith    .   g - +0 kite shield
rNeg    . . .      Spirit   .   b - +0 leather armour
rPois   .          Reflect  .   (no helmet)
rElec   .          Harm     .   (no cloak)
rCorr   .          Rampage  .   (no gloves)
Will    .....      Rage     3%  n - +0 pair of boots
Stlth   ++........              (no amulet)
HPRegen 0.12/turn               (no ring)
MPRegen 0.10/turn               (no ring)

@: no status effects
A: slimy green scales 1, demonic magic 1, berserk 1
a: Renounce Religion, Depart the Abyss, Bend Space


You were on level 3 of the Dungeon.
You worshipped Lugonu.
Lugonu was pleased with you.
You visited 1 branch of the dungeon, and saw 3 of its levels.
You visited the Abyss 1 time.

You collected 117 gold pieces.

Inventory:

Hand Weapons
 a - a +1 hand axe (weapon)
 d - a +1 whip of venom
Missiles
 e - 14 poisoned darts
 l - 3 atropa-tipped darts
Armour
 b - a +0 leather armour (worn)
 g - a +0 kite shield (worn)
 n - a +0 pair of boots (worn)
Scrolls
 c - a scroll of magic mapping
Potions
 f - 2 potions of ambrosia
 h - a potion of resistance {unknown}
 i - 2 potions of curing {unknown}
 j - a potion of cancellation {unknown}
 k - a potion of haste {unknown}
 m - a potion of mutation {unknown}
 o - a potion of attraction {unknown}


   Skills:
 + Level 3.7 Fighting
 + Level 2.8 Axes
 + Level 2.5 Armour
 + Level 1.3 Dodging
 + Level 0.9 Stealth
 + Level 0.7 Shields
 + Level 2.9 Invocations


You had 3 spell levels left.
You didn't know any spells.
Your spell library contained the following spells:

 Spells                   Type           Power      Damage    Failure   Level
 Sublimation of Blood     Necr           0%         N/A       93%         2
 Petrify                  Tmut/Erth      0%         N/A       100%        4
 Irradiate                Conj/Tmut      0%         3d11      100%        5


Dungeon Overview and Level Annotations

Branches:
Dungeon (3/15)

Altars:


Innate Abilities, Weirdness & Mutations

You are partially covered in slimy green scales. (AC +2)
Spells you cast may paralyse adjacent enemies.
You sometimes lose your temper in combat.


Message History

You hit the orc wizard.
The orc wizard is moderately wounded.
The orc wizard casts a spell.
The orc wizard flickers and vanishes!
Deactivating autopickup; reactivate with Ctrl-A.
You hit something. Something hits you but does no damage.
You hit something but do no damage. Something hits you but does no damage.
An orc comes into view. It is wielding a +0 short sword.
Something hits you but does no damage.
You closely miss something.
You hear some strange, mumbled words.
A puff of flame appears from out of thin air!
The puff of flame hits you!
You slash something! Lugonu accepts your kill.
Reactivating autopickup.
You feel a bit more experienced.
Things that are here:
a +0 dagger; a +0 robe; a scroll of identify You closely miss the orc.
An orc comes into view. It is wielding a +0 flail.
The orc hits you with a +0 short sword.
* * * LOW HITPOINT WARNING * * *
You block the orc's attack.
The orc shouts!
You hit the orc.
The orc is lightly wounded.
The orc hits you with a +0 short sword.
* * * LOW HITPOINT WARNING * * *
You hit the orc.
The orc is moderately wounded.
You block the orc's attack.
You hit the orc.
The orc is severely wounded.
The orc barely misses you. You block the orc's attack.
You hit the orc.
You kill the orc!
Lugonu accepts your kill. The orc hits you with a +0 flail!
You die...

##.#......#....>.....,*,,*,,,***,
##.#.....#.#.......#***,****,,,**
...#.....#....).##.# *,,*,,*,*,,,
#######.##.#......>#**,**,,,,**,*
# #.#.##....##.#*,,*,,*,,*,,* #
#......#..##.##,**,,,,**,** #
#####....o......,***,,*,,*, #
###.##o######,,,****,**, #
#......@....#**,,,*,,*,,
##########.#####.####(.#**,,,**,*
....<......# #)#*,,,,,,***,,,,,
############ ###.#*,*,,***,*****,
#...#*,,,,,,,,,* **
#8.........,,,,* #.####..?.#**,**
*#<*,,,,#### *,* *..,,,,,*
****,****


You could see 2 orcs.

Vanquished Creatures
  A hound (D:2)
  An orc wizard (D:3)
  2 adders (D:2)
  A dart slug (D:1)
  An orc (D:3)
  8 ball pythons
  3 endoplasms
  3 giant cockroaches
  6 goblins
  4 hobgoblins
  A quokka (D:1)
  5 bats
  3 frilled lizards
  7 kobolds
  4 rats
50 creatures vanquished.

Notes
Turn   | Place    | Note
-------+----------+-------------------------------------------
     0 | Abyss:1  | javelincjr the Demonspawn Abyssal Knight began the quest
                  | for the Orb.
     0 | Abyss:1  | Reached XP level 1. HP: 18/18 MP: 2/2
     4 | Abyss:1  | Found a corrupted altar of Lugonu.
    68 | Abyss:1  | Noticed a neqoxec
    82 | Abyss:1  | Gained mutation: You sometimes lose your temper in combat.
                  | [a neqoxec]
   251 | Abyss:3  | Found a corrupted altar of Lugonu.
   255 | Abyss:3  | Found a corrupted altar of Lugonu.
   280 | Abyss:3  | Noticed a raiju
   288 | Abyss:3  | Noticed a starflower
   309 | Abyss:3  | Noticed a starcursed mass
   313 | D:1      | Escaped the Abyss
   651 | D:1      | Reached ** piety under Lugonu
   729 | D:1      | Found a faded altar of an unknown god.
   820 | D:1      | Gained mutation: You are partially covered in slimy green
                  | scales. (AC +2) [demonic ancestry]
   820 | D:1      | Reached XP level 2. HP: 23/24 MP: 3/3
  1069 | D:1      | Reached skill level 1 in Dodging
  1376 | D:2      | Gained mutation: Spells you cast may paralyse adjacent
                  | enemies. [demonic ancestry]
  1376 | D:2      | Reached XP level 3. HP: 29/29 MP: 5/5
  1678 | D:2      | Reached XP level 4. HP: 29/36 MP: 6/6
  2210 | D:3      | Slain by an orc

Illustrated notes

Levels and vault maps discovered:
D:1:      dpeg_arrival_round_b, layout_loops_ring,
          hellmonk_ecumenical_altar_zigzags, moated_statue,
          corexii_leaking_fountain
D:2:      layout_rooms, fountainhead, minmay_tiny_reverse_x
D:3:      minmay_skewed_foursquare, layout_loops_cross, serial_shops, shop,
          shop, shop_statue, shop, uniq_natasha, uniq_grinder

Skill      XL: |  1  2 |
---------------+-------+-----
Armour         | 2 |  2.5
Axes           | 2 |  2.8
Dodging        | 1 |  1.3
Fighting       | |  3.7
Stealth        | |  0.9
Shields        | |  0.7
Invocations    | |  2.9

Action                   |  1- 3 |  4- 6 || total
-------------------------+-------+-------++-------
Melee: Hand axe          |    84 |    41 ||   125
Invok: Depart the Abyss  |     1 |       ||     1
  Use: Scroll            |       |     3 ||     3
 Stab: Sleeping          |     1 |       ||     1
Armor: Leather armour    |    41 |    12 ||    53
Dodge: Dodged            |    44 |    13 ||    57
Block: Kite shield       |    30 |    16 ||    46
